2986 views
Uploaded 2020-03-17 21:07:48
Game version 1.32.2
19:09 long 3on3 ladder game on (6)GnollWood
Saved by BEARAND
2986 views
Uploaded 2020-03-17 21:07:48
Game version 1.32.2
19:09 long 3on3 ladder game on (6)GnollWood


60 units @ 6.4k
/ 0.4k
114 buildings @ 8.2k
/ 3.9k



| Potion of Healing | 5 | 750 |
| Staff of Sanctuary | 4 | 1000 |
| Potion of Mana | 1 | 200 |
| Staff of Teleportation | 2 | 300 |
| Boots of Speed | 1 | 250 |
| Orb of Corruption | 1 | 375 |
| total: | 14 | 2875g |
| Peasant | 16 | 1200 | / | 0 |
| Priest | 3 | 405 | / | 30 |
| total: | 19 | 1605g | / | 30w |
| Scout Tower | 71 | 2130 | / | 1420 |
| Arcane Tower | 3 | 210 | / | 150 |
| Guard Tower | 42 | 2940 | / | 2100 |
| Altar of Kings | 1 | 180 | / | 50 |
| Farm | 4 | 320 | / | 80 |
| Lumber Mill | 1 | 120 | / | 0 |
| Town Hall | 1 | 385 | / | 205 |
| Arcane Vault | 4 | 520 | / | 120 |
| Arcane Sanctum | 1 | 150 | / | 140 |
| Keep | 1 | 320 | / | 210 |
| Castle | 2 | 720 | / | 420 |
| total: | 83 | 3805g | / | 2015w |
| 0:01 | Peasant |
| 0:02 | Peasant |
| 0:08 | Altar of Kings |
| 0:18 | Farm |
| 0:19 | Peasant |
| 0:31 | Lumber Mill |
| 0:34 | Scout Tower |
| 0:36 | Peasant |
| 0:40 | Peasant |
| 0:49 | Peasant |
| 0:59 | Peasant |
| 1:18 | Farm |
| 1:31 | Scout Tower |
| 1:32 | Scout Tower |
| 1:33 | Peasant |
| 1:36 | Arcane Tower |
| 1:37 | Scout Tower |
| 1:44 | Peasant |
| 1:53 | Peasant |
| 2:02 | Arcane Tower |
| 2:08 | Scout Tower |
| 2:14 | Blizzard |
| 2:18 | Guard Tower |
| 2:19 | Scout Tower |
| 2:20 | Scout Tower |
| 2:20 | Peasant |
| 2:20 | Peasant |
| 2:21 | Peasant |
| 2:49 | Guard Tower |
| 2:51 | Scout Tower |
| 2:52 | Guard Tower |
| 2:53 | Scout Tower |
| 2:54 | Scout Tower |
| 3:01 | Peasant |
| 3:12 | Scout Tower |
| 3:15 | Guard Tower |
| 3:40 | Staff of Teleportation |
| 3:41 | Boots of Speed |
| 3:42 | Keep |
| 3:59 | Brilliance Aura |
| 4:06 | Guard Tower |
| 4:08 | Farm |
| 4:10 | Farm |
| 4:10 | Improved Masonry |
| 4:11 | Guard Tower |
| 4:15 | Scout Tower |
| 4:24 | Guard Tower |
| 4:26 | Guard Tower |
| 4:31 | Scout Tower |
| 5:18 | Guard Tower |
| 5:19 | Scout Tower |
| 5:27 | Scout Tower |
| 5:28 | Scout Tower |
| 5:28 | Scout Tower |
| 5:29 | Scout Tower |
| 5:29 | Scout Tower |
| 5:30 | Scout Tower |
| 6:09 | Guard Tower |
| 6:10 | Scout Tower |
| 6:11 | Scout Tower |
| 6:11 | Scout Tower |
| 6:11 | Scout Tower |
| 6:14 | Scout Tower |
| 6:14 | Scout Tower |
| 6:15 | Scout Tower |
| 6:16 | Scout Tower |
| 6:17 | Scout Tower |
| 6:18 | Scout Tower |
| 6:18 | Scout Tower |
| 6:19 | Scout Tower |
| 6:20 | Scout Tower |
| 6:20 | Scout Tower |
| 6:32 | Blizzard |
| 6:53 | Guard Tower |
| 6:53 | Guard Tower |
| 7:13 | Guard Tower |
| 7:13 | Guard Tower |
| 7:16 | Arcane Sanctum |
| 7:25 | Peasant |
| 7:26 | Peasant |
| 7:51 | Storm Bolt |
| 8:25 | Guard Tower |
| 8:32 | Magic Sentry |
| 8:51 | Guard Tower |
| 8:55 | Scout Tower |
| 8:59 | Scout Tower |
| 9:00 | Scout Tower |
| 9:01 | Scout Tower |
| 9:02 | Scout Tower |
| 9:03 | Scout Tower |
| 9:03 | Scout Tower |
| 9:07 | Guard Tower |
| 9:13 | Scout Tower |
| 9:29 | Town Hall |
| 9:31 | Scout Tower |
| 9:32 | Scout Tower |
| 9:32 | Scout Tower |
| 9:33 | Scout Tower |
| 9:34 | Scout Tower |
| 9:34 | Scout Tower |
| 9:35 | Scout Tower |
| 9:35 | Scout Tower |
| 9:36 | Scout Tower |
| 9:37 | Scout Tower |
| 9:57 | Guard Tower |
| 9:59 | Guard Tower |
| 10:11 | Guard Tower |
| 10:12 | Guard Tower |
| 10:31 | Staff of Teleportation |
| 10:46 | Guard Tower |
| 10:56 | Guard Tower |
| 11:02 | Castle |
| 11:08 | Guard Tower |
| 11:31 | Arcane Vault |
| 11:34 | Arcane Vault |
| 11:41 | Priest |
| 11:57 | Arcane Vault |
| 12:11 | Potion of Healing |
| 12:35 | Orb of Corruption |
| 12:43 | Arcane Vault |
| 12:57 | Guard Tower |
| 13:07 | Scout Tower |
| 13:08 | Scout Tower |
| 13:08 | Scout Tower |
| 13:08 | Scout Tower |
| 13:13 | Advanced Masonry |
| 13:18 | Guard Tower |
| 13:20 | Guard Tower |
| 13:46 | Scout Tower |
| 13:49 | Staff of Sanctuary |
| 13:53 | Staff of Sanctuary |
| 13:55 | Potion of Healing |
| 14:13 | Guard Tower |
| 14:24 | Guard Tower |
| 14:26 | Scout Tower |
| 14:27 | Scout Tower |
| 14:27 | Scout Tower |
| 14:28 | Scout Tower |
| 14:30 | Holy Light |
| 14:37 | Bash |
| 14:59 | Guard Tower |
| 15:10 | Guard Tower |
| 15:11 | Scout Tower |
| 15:12 | Scout Tower |
| 15:21 | Guard Tower |
| 15:23 | Scout Tower |
| 15:23 | Scout Tower |
| 15:24 | Scout Tower |
| 15:25 | Scout Tower |
| 16:29 | Guard Tower |
| 16:32 | Scout Tower |
| 16:32 | Scout Tower |
| 16:33 | Scout Tower |
| 16:33 | Scout Tower |
| 16:34 | Imbued Masonry |
| 16:53 | Priest |
| 16:53 | Priest Adept Training |
| 17:09 | Potion of Healing |
| 17:15 | Potion of Healing |
| 17:25 | Staff of Sanctuary |
| 17:55 | Staff of Sanctuary |
| 17:59 | Potion of Mana |
| 18:01 | Potion of Healing |
| 18:10 | Priest |
| 18:21 | Brilliance Aura |
| Right click | 1775 |
| Select | 560 |
| Select group | 231 |
| Build/train/purchase | 132 |
| Use ability | 49 |
| Chat | 32 |
| Misc. action | 14 |
| Assign group | 10 |
| Item give/drop | 3 |
| Minimap ping | 2 |


| Rod of Necromancy | 1 | 150 |
| Orb of Corruption | 2 | 750 |
| Potion of Healing | 2 | 300 |
| Staff of Teleportation | 2 | 300 |
| Staff of Sanctuary | 1 | 250 |
| total: | 8 | 1750g |
| Acolyte | 8 | 600 | / | 0 |
| Ghoul | 13 | 1560 | / | 0 |
| Obsidian Statue | 2 | 400 | / | 70 |
| total: | 23 | 2560g | / | 70w |
| Crypt | 1 | 200 | / | 50 |
| Altar of Darkness | 1 | 180 | / | 50 |
| Ziggurat | 4 | 600 | / | 200 |
| Tomb of Relics | 3 | 390 | / | 90 |
| Graveyard | 1 | 215 | / | 0 |
| Slaughterhouse | 1 | 140 | / | 135 |
| Halls of the Dead | 2 | 640 | / | 420 |
| Black Citadel | 1 | 325 | / | 230 |
| total: | 11 | 1725g | / | 525w |
| 0:01 | Acolyte |
| 0:05 | Crypt |
| 0:08 | Altar of Darkness |
| 0:23 | Ziggurat |
| 0:32 | Acolyte |
| 0:32 | Acolyte |
| 0:56 | Ziggurat |
| 1:12 | Ghoul |
| 1:12 | Ghoul |
| 1:34 | Ghoul |
| 1:48 | Tomb of Relics |
| 2:00 | Ghoul |
| 2:00 | Ghoul |
| 2:11 | Death Coil |
| 2:38 | Ghoul |
| 3:03 | Ghoul |
| 3:14 | Ghoul |
| 3:31 | Ghoul |
| 3:34 | Halls of the Dead |
| 3:48 | Ghoul |
| 3:56 | Staff of Teleportation |
| 4:23 | Rod of Necromancy |
| 5:23 | Unholy Aura |
| 5:29 | Ghoul |
| 5:29 | Ghoul |
| 5:42 | Ghoul |
| 6:15 | Ziggurat |
| 6:17 | Ziggurat |
| 6:35 | Black Citadel |
| 8:18 | Frost Nova |
| 8:29 | Staff of Teleportation |
| 8:55 | Tomb of Relics |
| 8:56 | Tomb of Relics |
| 9:07 | Acolyte |
| 9:07 | Acolyte |
| 9:32 | Acolyte |
| 9:32 | Acolyte |
| 9:32 | Acolyte |
| 9:35 | Graveyard |
| 10:25 | Orb of Corruption |
| 10:27 | Orb of Corruption |
| 11:30 | Slaughterhouse |
| 11:53 | Death Coil |
| 12:20 | Frost Armor |
| 13:03 | Potion of Healing |
| 13:34 | Potion of Healing |
| 13:50 | Obsidian Statue |
| 15:12 | Staff of Sanctuary |
| 15:20 | Obsidian Statue |
| 16:31 | Frost Nova |
| Right click | 1395 |
| Select | 541 |
| Select group | 455 |
| Assign group | 92 |
| Resource trade | 63 |
| Build/train/purchase | 58 |
| Use ability | 45 |
| Misc. action | 31 |
| Minimap ping | 12 |
| Item give/drop | 2 |
| Remove unit | 2 |

| Healing Salve | 5 | 500 |
| Lesser Clarity Potion | 5 | 350 |
| Orb of Lightning | 1 | 375 |
| Scroll of Speed | 2 | 100 |
| Potion of Healing | 6 | 900 |
| Potion of Mana | 2 | 400 |
| Boots of Speed | 1 | 250 |
| Staff of Teleportation | 1 | 150 |
| Scroll of Regeneration | 1 | 100 |
| total: | 24 | 3125g |
| Peon | 10 | 750 | / | 0 |
| Raider | 8 | 1440 | / | 320 |
| total: | 18 | 2190g | / | 320w |
| Watch Tower | 11 | 1210 | / | 880 |
| Altar of Storms | 1 | 180 | / | 50 |
| Orc Burrow | 4 | 640 | / | 160 |
| War Mill | 1 | 205 | / | 0 |
| Voodoo Lounge | 1 | 130 | / | 30 |
| Beastiary | 2 | 290 | / | 280 |
| Stronghold | 2 | 630 | / | 380 |
| Fortress | 1 | 325 | / | 190 |
| total: | 20 | 2655g | / | 1400w |
| 0:01 | Peon |
| 0:03 | Altar of Storms |
| 0:11 | Peon |
| 0:17 | Orc Burrow |
| 0:21 | Peon |
| 0:45 | Peon |
| 0:48 | War Mill |
| 1:00 | Peon |
| 1:07 | Voodoo Lounge |
| 1:14 | Peon |
| 1:25 | Peon |
| 1:41 | Peon |
| 1:54 | Peon |
| 2:02 | Watch Tower |
| 2:05 | Wind Walk |
| 2:11 | Watch Tower |
| 2:16 | Healing Salve |
| 2:16 | Healing Salve |
| 2:17 | Lesser Clarity Potion |
| 2:17 | Lesser Clarity Potion |
| 2:26 | Peon |
| 2:51 | Watch Tower |
| 3:15 | Stronghold |
| 3:31 | Watch Tower |
| 3:51 | Boots of Speed |
| 4:16 | Watch Tower |
| 4:20 | Orc Burrow |
| 4:56 | Critical Strike |
| 5:25 | Staff of Teleportation |
| 5:31 | Watch Tower |
| 5:31 | Watch Tower |
| 5:50 | Fortress |
| 5:51 | Beastiary |
| 5:57 | Beastiary |
| 6:15 | Steel Melee Weapons |
| 6:19 | Watch Tower |
| 7:07 | Raider |
| 7:08 | Ensnare |
| 7:13 | Orc Burrow |
| 7:52 | Raider |
| 7:56 | Reinforced Defenses |
| 8:29 | Pillage |
| 8:30 | Thorium Melee Weapons |
| 8:32 | Raider |
| 8:46 | Raider |
| 9:04 | Raider |
| 9:14 | Watch Tower |
| 9:15 | Watch Tower |
| 9:44 | Lesser Clarity Potion |
| 9:52 | Orb of Lightning |
| 9:57 | Scroll of Speed |
| 10:41 | Orc Burrow |
| 10:55 | Wind Walk |
| 11:51 | Raider |
| 12:15 | Potion of Healing |
| 12:51 | Potion of Healing |
| 12:53 | Raider |
| 13:22 | Potion of Mana |
| 13:57 | Watch Tower |
| 14:01 | Potion of Healing |
| 15:00 | Healing Salve |
| 15:04 | Lesser Clarity Potion |
| 15:05 | Scroll of Speed |
| 15:24 | Arcanite Melee Weapons |
| 15:25 | Raider |
| 16:24 | Critical Strike |
| 17:06 | Potion of Healing |
| 17:08 | Potion of Mana |
| 17:09 | Potion of Healing |
| 17:39 | Potion of Healing |
| 17:49 | Critical Strike |
| 18:21 | Healing Salve |
| 18:24 | Lesser Clarity Potion |
| 18:26 | Healing Salve |
| 18:42 | Scroll of Regeneration |
| Right click | 1227 |
| Assign group | 523 |
| Select group | 355 |
| Select | 231 |
| Build/train/purchase | 101 |
| Use ability | 53 |
| Chat | 42 |
| Misc. action | 5 |
| Resource trade | 5 |
| Item give/drop | 4 |
| Minimap ping | 3 |
76 units @ 11.5k
/ 1.9k
39 buildings @ 6.3k
/ 2.6k


| Rod of Necromancy | 3 | 450 |
| Orb of Corruption | 1 | 375 |
| Dust of Appearance | 1 | 75 |
| Scroll of Town Portal | 3 | 1050 |
| Potion of Lesser Invulnerability | 1 | 150 |
| total: | 9 | 2100g |
| Acolyte | 2 | 150 | / | 0 |
| Ghoul | 3 | 360 | / | 0 |
| Crypt Fiend | 6 | 1290 | / | 240 |
| Obsidian Statue | 4 | 800 | / | 140 |
| Meat Wagon | 2 | 460 | / | 100 |
| total: | 17 | 3060g | / | 480w |
| Nerubian Tower | 1 | 100 | / | 20 |
| Spirit Tower | 1 | 145 | / | 40 |
| Graveyard | 1 | 215 | / | 0 |
| Crypt | 1 | 200 | / | 50 |
| Altar of Darkness | 1 | 180 | / | 50 |
| Ziggurat | 4 | 600 | / | 200 |
| Tomb of Relics | 1 | 130 | / | 30 |
| Slaughterhouse | 1 | 140 | / | 135 |
| Halls of the Dead | 1 | 320 | / | 210 |
| Black Citadel | 1 | 325 | / | 230 |
| total: | 9 | 1465g | / | 465w |
| 0:03 | Acolyte |
| 0:10 | Graveyard |
| 0:11 | Crypt |
| 0:19 | Acolyte |
| 0:45 | Altar of Darkness |
| 0:58 | Ziggurat |
| 1:13 | Ghoul |
| 1:42 | Tomb of Relics |
| 1:49 | Crypt Fiend |
| 2:08 | Ziggurat |
| 2:22 | Crypt Fiend |
| 2:46 | Death Coil |
| 2:48 | Rod of Necromancy |
| 3:07 | Crypt Fiend |
| 4:06 | Halls of the Dead |
| 4:07 | Ghoul |
| 4:07 | Ghoul |
| 4:09 | Ziggurat |
| 4:59 | Nerubian Tower |
| 5:33 | Crypt Fiend |
| 5:44 | Dust of Appearance |
| 5:45 | Rod of Necromancy |
| 6:13 | Unholy Aura |
| 6:39 | Slaughterhouse |
| 6:42 | Web |
| 6:59 | Crypt Fiend |
| 7:13 | Crypt Fiend |
| 7:34 | Rod of Necromancy |
| 7:37 | Frost Nova |
| 7:51 | Obsidian Statue |
| 7:51 | Obsidian Statue |
| 8:26 | Black Citadel |
| 8:37 | Ziggurat |
| 9:07 | Scroll of Town Portal |
| 9:08 | Scroll of Town Portal |
| 9:43 | Obsidian Statue |
| 9:56 | Frost Armor |
| 10:03 | Potion of Lesser Invulnerability |
| 10:20 | Spirit Tower |
| 10:47 | Orb of Corruption |
| 10:51 | Destroyer Form |
| 11:42 | Scroll of Town Portal |
| 12:05 | Meat Wagon |
| 12:05 | Meat Wagon |
| 13:16 | Obsidian Statue |
| 13:29 | Death Coil |
| Select group | 1150 |
| Right click | 800 |
| Select | 264 |
| Chat | 143 |
| Build/train/purchase | 52 |
| Assign group | 40 |
| Use ability | 33 |
| Misc. action | 15 |
| Item give/drop | 1 |
| Minimap ping | 1 |

| Boots of Speed | 1 | 250 |
| Periapt of Vitality | 1 | 325 |
| total: | 2 | 575g |
| Wisp | 22 | 1320 | / | 0 |
| Druid of the Claw | 5 | 1275 | / | 400 |
| total: | 27 | 2595g | / | 400w |
| Ancient Protector | 4 | 540 | / | 320 |
| Moon Well | 6 | 1080 | / | 240 |
| Altar of Elders | 1 | 180 | / | 50 |
| Ancient of War | 1 | 150 | / | 60 |
| Hunter's Hall | 1 | 210 | / | 100 |
| Ancient of Wonders | 1 | 90 | / | 30 |
| Ancient of Lore | 3 | 465 | / | 435 |
| Tree of Ages | 1 | 320 | / | 180 |
| Tree of Eternity | 1 | 330 | / | 200 |
| total: | 17 | 2715g | / | 1235w |
| 0:06 | Moon Well |
| 0:08 | Altar of Elders |
| 0:13 | Wisp |
| 0:15 | Wisp |
| 0:15 | Wisp |
| 0:42 | Wisp |
| 1:03 | Ancient of War |
| 1:07 | Wisp |
| 1:07 | Wisp |
| 1:34 | Wisp |
| 1:34 | Wisp |
| 1:34 | Wisp |
| 1:35 | Wisp |
| 1:35 | Wisp |
| 1:45 | Moon Well |
| 2:10 | Immolation |
| 2:21 | Wisp |
| 2:35 | Hunter's Hall |
| 3:13 | Moon Well |
| 3:19 | Moon Well |
| 3:52 | Tree of Ages |
| 4:06 | Ancient Protector |
| 4:08 | Ancient Protector |
| 4:31 | Ancient Protector |
| 5:21 | Ancient Protector |
| 5:34 | Strength of the Wild |
| 6:15 | Wisp |
| 6:15 | Wisp |
| 6:15 | Wisp |
| 6:16 | Wisp |
| 6:22 | Ancient of Lore |
| 6:28 | Ancient of Lore |
| 6:38 | Evasion |
| 7:08 | Reinforced Hides |
| 7:12 | Tree of Eternity |
| 7:15 | Boots of Speed |
| 7:15 | Periapt of Vitality |
| 8:00 | Druid of the Claw Adept Training |
| 8:27 | Moon Well |
| 8:28 | Moon Well |
| 8:50 | Ancient of Lore |
| 8:57 | Improved Strength of the Wild |
| 9:34 | Druid of the Claw Master Training |
| 9:37 | Wisp |
| 9:37 | Wisp |
| 9:37 | Wisp |
| 10:10 | Druid of the Claw |
| 10:47 | Druid of the Claw |
| 10:55 | Mark of the Claw |
| 11:32 | Druid of the Claw |
| 11:51 | Improved Reinforced Hides |
| 12:15 | Druid of the Claw |
| 12:28 | Wisp |
| 12:28 | Wisp |
| 12:28 | Wisp |
| 13:50 | Druid of the Claw |
| 14:12 | Ancient of Wonders |
| Right click | 392 |
| Select | 191 |
| Select group | 88 |
| Build/train/purchase | 58 |
| Assign group | 11 |
| Misc. action | 11 |
| Use ability | 8 |
| Minimap ping | 3 |
| Remove unit | 1 |

| Rod of Necromancy | 1 | 150 |
| total: | 1 | 150g |
| Acolyte | 2 | 150 | / | 0 |
| Ghoul | 3 | 360 | / | 0 |
| Crypt Fiend | 4 | 860 | / | 160 |
| Meat Wagon | 6 | 1380 | / | 300 |
| Necromancer | 9 | 1305 | / | 180 |
| Obsidian Statue | 5 | 1000 | / | 175 |
| Druid of the Claw | 3 | 765 | / | 240 |
| total: | 32 | 5820g | / | 1055w |
| Spirit Tower | 2 | 290 | / | 80 |
| Nerubian Tower | 1 | 100 | / | 20 |
| Ziggurat | 5 | 750 | / | 250 |
| Crypt | 1 | 200 | / | 50 |
| Graveyard | 1 | 215 | / | 0 |
| Altar of Darkness | 1 | 180 | / | 50 |
| Tomb of Relics | 1 | 130 | / | 30 |
| Slaughterhouse | 1 | 140 | / | 135 |
| Temple of the Damned | 3 | 465 | / | 420 |
| Halls of the Dead | 1 | 320 | / | 210 |
| Black Citadel | 1 | 325 | / | 230 |
| total: | 13 | 2080g | / | 935w |
| 0:04 | Acolyte |
| 0:05 | Acolyte |
| 0:11 | Ziggurat |
| 0:14 | Crypt |
| 0:40 | Graveyard |
| 1:00 | Altar of Darkness |
| 1:25 | Ghoul |
| 1:25 | Ghoul |
| 1:54 | Ziggurat |
| 2:05 | Crypt Fiend |
| 2:23 | Crypt Fiend |
| 2:40 | Tomb of Relics |
| 2:58 | Crypt Fiend |
| 3:01 | Carrion Beetles |
| 3:42 | Halls of the Dead |
| 3:47 | Rod of Necromancy |
| 4:03 | Ziggurat |
| 5:13 | Spirit Tower |
| 5:15 | Spirit Tower |
| 5:26 | Crypt Fiend |
| 5:49 | Nerubian Tower |
| 6:08 | Black Citadel |
| 6:22 | Slaughterhouse |
| 6:25 | Temple of the Damned |
| 6:29 | Temple of the Damned |
| 6:31 | Ziggurat |
| 6:38 | Ghoul |
| 7:19 | Temple of the Damned |
| 7:31 | Meat Wagon |
| 7:39 | Spiked Carapace |
| 7:48 | Necromancer |
| 7:49 | Necromancer |
| 8:20 | Obsidian Statue |
| 8:29 | Skeletal Mastery |
| 8:33 | Necromancer Adept Training |
| 8:47 | Necromancer |
| 9:09 | Meat Wagon |
| 9:43 | Necromancer |
| 9:44 | Necromancer Master Training |
| 9:56 | Exhume Corpses |
| 9:59 | Disease Cloud |
| 10:13 | Necromancer |
| 11:16 | Unholy Strength |
| 11:18 | Unholy Armor |
| 11:24 | Obsidian Statue |
| 11:28 | Ziggurat |
| 13:00 | Improved Unholy Strength |
| 13:11 | Meat Wagon |
| 13:11 | Meat Wagon |
| 14:10 | Necromancer |
| 14:14 | Obsidian Statue |
| 14:31 | Necromancer |
| 14:36 | Advanced Unholy Strength |
| 14:41 | Improved Unholy Armor |
| 16:40 | Necromancer |
| 16:40 | Necromancer |
| 17:25 | Druid of the Claw |
| 17:25 | Druid of the Claw |
| 17:25 | Druid of the Claw |
| 17:29 | Carrion Beetles |
| 17:38 | Meat Wagon |
| 17:38 | Meat Wagon |
| 18:59 | Obsidian Statue |
| 18:59 | Obsidian Statue |
| Right click | 336 |
| Select group | 246 |
| Select | 209 |
| Build/train/purchase | 80 |
| Assign group | 25 |
| Misc. action | 18 |
| Use ability | 12 |
| Remove unit | 1 |
⇛